 Dungeon Sprint DCSS version 0.30-a0-857-gcaf70739d4 (webtiles) character file.

Game seed: 13216833207089634327

1094 dolemite99 the Martial Artist (level 8, -7/97 HPs)
             Began as a Djinni Monk on Mar 6, 2023.
             Was an Initiate of Gozag.
             Mangled by Tummuri the pandemonium lord (23 damage)
             ... in the Dungeon (Sprint V: "Ziggurat Sprint").
             The game lasted 00:03:26 (602 turns).

dolemite99 the Martial Artist (Djinni Monk)          Turns: 602, Time: 00:03:26

Health: -7/97      AC: 14    Str: 18    XL:     8   Next: 57%
Gold:   243        EV: 11    Int: 13    God:    Gozag SH: 13 Dex: 15

rFire   + . .      SeeInvis .      - Unarmed
rCold   + . .      Faith    .    j - +3 kite shield
rNeg    . . .      Spirit   .    D - +5 ice dragon scales
rPois   ∞          Reflect  .    (no helmet)
rElec   .          Rampage  .    (no cloak)
rCorr   .          NoTele   +    (no gloves)
Will    .....                    (boots unavailable) Stlth
                                 (no amulet)
HPRegen 0.36/turn                A - +6 ring of strength
MPRegen 0.00/turn                (no ring)

@: berserking, flying, very quick
A: sickness immunity, fire resistance 2, cold vulnerability 1, float, innate
caster, HP casting, extra vitality 1
a: Renounce Religion, Potion Petition, Call Merchant, Bribe Branch


You were in the Dungeon.
You worshipped Gozag.
Gozag was aware of your devotion.
You visited 1 branch You collected 243 gold pieces.

Inventory:

Hand Weapons
 E - a +5 demon blade
 F - a +5 hand crossbow
 G - a +5 sling
 I - the +5 scimitar of Deformation {freeze, Str+3 Int+3 SInv}
   (You found it in the Dungeon)

   Str:       It affects your strength (+3).
   Int:       It affects your intelligence (+3).
   SInv:      It lets you see invisible.
Armour
 a - a +0 robe
 h - +5 shadow dragon scales
 i - +5 storm dragon scales
 j - a +3 kite shield (worn)
 k - a +3 tower shield
 D - +5 ice dragon scales (worn)
 H - a +3 leather armour of willpower
Jewellery
 o - a ring of see invisible
 w - a +6 ring of dexterity
 x - a +6 ring of dexterity
 y - a +6 ring of intelligence
 z - a +6 ring of intelligence
 A - a +6 ring of strength (left hand)
 B - a +6 ring of strength
Wands
 u - a wand of mindburst (1)
 v - a wand of light (7)
Scrolls
 g - 3 scrolls of blinking
 r - 7 scrolls of fog
 s - 5 scrolls of identify {@r1}
 t - 2 scrolls of fear
Potions
 b - a potion of ambrosia
 c - 10 potions of curing
 d - 10 potions of heal wounds
 e - 6 potions of haste
 f - a potion of berserk rage
 l - 2 potions of brilliance
 m - a potion of invisibility
 n - 4 potions of resistance
 p - 5 potions of might
 q - 5 potions of magic
Miscellaneous
 C - a lightning rod (4/4)


   Skills:
 - Level 8.2 Fighting
 - Level 9.0 Dodging
 - Level 7.1 Stealth
 + Level 6.1 Shields
 - Level 11.1 Unarmed Combat


You knew the following spells:

 Your Spells              Type           Power      Damage    Failure   Level
a - Apportation           Tloc           0%         N/A       98%         1
b - Blink                 Tloc           0%         N/A       99%         2
c - Wereblood             Tmut           0%         N/A       99%         2
Your spell library was empty.

Dungeon Overview and Level Annotations

Branches:
Dungeon (1/1)

Altars:
Ashenzari
Cheibriados
Dithmenos
Elyvilon
Fedhas
Gozag
Hepliaklqana
Makhleb
Nemelex Xobeh
Okawaru
Qazlal
Ru
Trog
Uskayaw
Wu Jian
Xom
Yredelemnul
Zin
The Shining One
Jiyva
Lugonu

Annotations:
D 1 transporter


Innate Abilities, Weirdness & Mutations

You are immune to sickness and miasma.
You are immune to poison.
Your flesh is very heat resistant. (rF++)
You are vulnerable to cold. (rC-)
You float through the air rather than walking.
You learn spells naturally, not from books.
Your magical power is your life essence.
You have superior vitality. (+4 MHP)


Message History

* * * LOW HITPOINT WARNING * * *
The black bear claws you but does no damage.
You completely miss Tummuri.
Tummuri is lightly wounded.
Tummuri gestures at you.
You feel haunted.
The ufetubus hits you but does no damage.
The ufetubus hits you.
* * * LOW HITPOINT WARNING * * *
Tummuri hits you.
* * * LOW HITPOINT WARNING * * *
You block the ufetubus's attack. x2
The deep elf archer gestures wildly while chanting.
The deep elf archer blinks!
You completely miss Tummuri.
Tummuri is lightly wounded.
You block the hellwing's attack. x2; The black bear bites you.
* * * LOW HITPOINT WARNING * * *
You block the black bear's attack.
The black bear claws you but does no damage.
You closely miss Tummuri.
Tummuri is lightly wounded.
The ufetubus hits you but does no damage.
You block the ufetubus's attack. Tummuri gestures at you.
The deep elf archer blinks!
You block the hellwing's attack. The hellwing barely misses you.
You barely miss Tummuri.
Tummuri is lightly wounded.
The black bear changes into a troll!
Tummuri gestures at you.
You feel haunted. You block the ufetubus's attack.
The ufetubus hits you but does no damage.
The deep elf archer gestures wildly while chanting.
The deep elf archer blinks!
You miss Tummuri.
Tummuri is lightly wounded.
You block the ufetubus's attack. x2; Tummuri hits you!!
You die...
Your body crumbles into a pile of gold.

▓..§..▓..©..▓▓▓▓▓▓▓
▓▓▓▓▓▓▓▓▓▓▓▓▓▓
▓..8©8...▓
▓..|:=...▓
▓...)e...▓
▓........▓
▓.WWW.e..▓
▓.WT§&e..▓
▓.W5@4W..▓
▓▓▓▓▓▓▓▓▓▓


You could see Tummuri (fast), a deep elf archer (repels missiles), a phantasmal
warrior (summoned), a hellwing, a freezing wraith (summoned), 2 deep elf
zephyrmancers, a troll shaped shifter, 4 wraiths and an ufetubus.

Vanquished Creatures
  2 draconians (D)
  A tarantella (D)
  2 scorpions (D)
5 creatures vanquished.

Notes
Turn   | Place    | Note
-------+----------+-------------------------------------------
     0 | D        | dolemite99 the Djinni Monk began the quest for the Orb.
     0 | D        | Reached XP level 1. HP: 20/20 MP: 0/0
    13 | D        | Found a blossoming altar of Fedhas.
    13 | D        | Found the +6 Majin-Bo {spellvamp, MP+6 Int+6}
    13 | D        | Found the +27 heavy crossbow "Sniper" {heavy, Acc+∞ SInv}
    13 | D        | Found the +10 dark maul {heavy}
    13 | D        | Found the +15 Maxwell's patent armour {-Cast -Tele rElec
                  | Will+ rCorr}
    13 | D        | Found the +18 shield of the Gong {Loud rN+ Will+ rCorr
                  | EV-5}
    13 | D        | Found the +16 obsidian axe {drain, demonic, Mesm Drain Fly
                  | SInv}
    13 | D        | Found the +7 great mace "Firestarter" {flame, inner flame,
                  | rFlCloud rF++}
    13 | D        | Found the +6 shillelagh "Devastator" {shatter}
    13 | D        | Found the +11 plutonium sword {Contam Stlth-}
    13 | D        | Found the +8 lance "Wyrmbane" {slay drac, rPois rF+ rC+
                  | AC+3}
    13 | D        | Found the +9 sword of Zonguldrok {reap}
    13 | D        | Found the +13 scythe of Curses {drain, curses, Drain}
    13 | D        | Found the +9 sword of Power {lifebolt}
    13 | D        | Found the +7 mace of Variability {chaos, chain chaos}
    13 | D        | Found the +11 Singing Sword {sonic wave}
    13 | D        | Found the +8 storm bow {elec, penet}
    15 | D        | Found a viscous altar of Jiyva.
    15 | D        | Found a transporter.
    15 | D        | Found a hazy altar of Hepliaklqana.
    15 | D        | Found an opulent altar of Gozag.
    15 | D        | Found a corrupted altar of Lugonu.
    22 | D        | Found a sacrificial altar of Ru.
    22 | D        | Found a bloodstained altar of Trog.
    22 | D        | Found a stormy altar of Qazlal.
    22 | D        | Found an iron altar of Okawaru.
    22 | D        | Found a sparkling altar of Nemelex Xobeh.
    25 | D        | Found a burning altar of Makhleb.
    89 | D        | Became a worshipper of Gozag Ym Sagoz the Greedy
    98 | D        | Entered arena 2.
    98 | D        | Noticed a draconian
    98 | D        | Noticed a draconian
    98 | D        | Found a transporter.
    99 | D        | Reached skill level 8 in Unarmed Combat
    99 | D        | Reached XP level 2. HP: 25/25 MP: 0/0
   110 | D        | Killed a draconian
   111 | D        | Reached skill level 5 in Stealth
   111 | D        | Reached skill level 10 in Unarmed Combat
   111 | D        | Reached XP level 3. HP: 5/35 MP: 0/0
   111 | D        | Learned a level 1 spell: Apportation
   111 | D        | Reached XP level 4. HP: 5/40 MP: 0/0
   111 | D        | Reached XP level 5. HP: 6/46 MP: 0/0
   111 | D        | Learned a level 2 spell: Blink
   111 | D        | Reached XP level 6. HP: 7/51 MP: 0/0
   111 | D        | Reached XP level 7. HP: 8/57 MP: 0/0
   111 | D        | Learned a level 2 spell: Wereblood
   119 | D        | Killed a draconian
   120 | D        | Reached skill level 11 in Unarmed Combat
   120 | D        | Reached XP level 8. HP: 11/65 MP: 0/0
   420 | D        | Entered arena 3.
   420 | D        | Noticed a tarantella
   420 | D        | Found a transporter.
   433 | D        | Killed a tarantella
   434 | D        | Reached skill level 5 in Shields
   588 | D        | Got the +5 scimitar of Deformation {freeze, Str+3 Int+3
                  | SInv}
   592 | D        | Entered arena 4.
   592 | D        | Noticed Tummuri the pandemonium lord
   592 | D        | Noticed a hellwing
   592 | D        | Found a transporter.
   594 | D        | Entered arena 5.
   594 | D        | Noticed a deep elf archer
   594 | D        | Noticed a deep elf zephyrmancer
   594 | D        | Noticed a deep elf zephyrmancer
   594 | D        | Found a transporter.
   599 | D        | Noticed a wraith
   599 | D        | Noticed a wraith
   599 | D        | Noticed a freezing wraith
   601 | D        | a black bear changed into a troll
   601 | D        | Noticed a troll (shapeshifter)
   602 | D        | Noticed a wraith
   602 | D        | Noticed a wraith
   602 | D        | Noticed a phantasmal warrior
   602 | D        | Mangled by Tummuri the pandemonium lord

Illustrated notes

Levels and vault maps discovered:
D:        sprint_v [room_start, room_1, room_2, room_3, room_4, room_5, room_6,
          room_7, room_8, room_9, room_10, room_11, room_12, room_13, room_14,
          room_15, room_16, room_17, room_18, room_19, room_20, room_21,
          room_22, room_23, room_24, room_25, room_26, room_27]

Skill      XL: |  1  2  3  4  5  6  7  8 |
---------------+-------------------------+-----
Unarmed Combat | 8 10 11 | 11.1
Fighting       | 6 8 |  8.2
Dodging        | 7 9 |  9.0
Stealth        | 5 7 |  7.1
Shields        | 6 |  6.1

Action                     |  1- 3 |  4- 6 |  7- 9 || total
---------------------------+-------+-------+-------++-------
  Melee: Unarmed           |     9 |       |    28 ||    37
  Evoke: Wand              |       |       |     6 ||     6
    Use: Potion            |     3 |       |     1 ||     4
         Scroll            |       |       |     1 ||     1
   Stab: Invisible         |     4 |       |     4 ||     8
 Armour: Storm dragon scal |     3 |       |       ||     3
         Ice dragon scales |       |       |    22 ||    22
  Dodge: Dodged            |     1 |       |    17 ||    18
  Block: Kite shield       |     2 |       |    33 ||    35

Table legend: (Time is in decaauts)
 A = Elapsed time spent in this place.
 B = Non-inter-level travel time spent in this place.
 C = Inter-level travel time spent in this place.
 D = Time resting spent in this place.
 E = Time spent auto-exploring this place.
 F = Levels seen in this place.
 G = Mean time per level.
                   A        B        C        D        E       F      G
               +--------+--------+--------+--------+--------+-----+--------+
         Total |    602 |    599 |      3 |    405 |      0 |   1 |  602.0 |
       Dungeon |    602 |    599 |      3 |    405 |      0 |   1 |  602.0 |
               +--------+--------+--------+--------+--------+-----+--------+

Top non-repeatable levels by time:
       D: 602 daAuts
